 Dungeon Crawl Stone Soup version 0.27.1-2-g3b301248ec (webtiles) character file.

Game seed: 5639609833584190769

40 Borgoz the Skirmisher (level 3, -1/33 HPs)
             Began as a Hill Orc Monk on Sept 28, 2021.
             Slain by a hobgoblin (4 damage)
             ... led by Robin
             ... on level 2 of the Dungeon.
             The game lasted 00:01:04 (1278 turns).

Borgoz the Skirmisher (Hill Orc Monk)               Turns: 1278, Time: 00:01:05

Health: -1/33      AC:  2    Str: 14    XL:     3   Next: 50%
Magic:  3/3        EV: 12    Int: 10    God:
Gold:   18         SH:  0    Dex: 13    Spells: 2/2 levels left

rFire    . . .     SeeInvis .   a - +0 falchion
rCold    . . .     Faith    .   (no shield)
rNeg     . . .     Spirit   .   b - +0 robe
rPois    .         Reflect  .   (no helmet)
rElec    .         Harm     .   (no cloak)
rCorr    .         Rampage  .   (no gloves)
Will     .....                  (no boots)
Stlth    ++........             (no amulet)
HPRegen  0.11/turn              (no ring)
MPRegen  0.08/turn              (no ring)

@: mighty
A: no striking features
a: no special abilities


You were on level 2 of the Dungeon.
You visited 1 branch of the dungeon, and saw 2 of its levels.

You collected 18 gold pieces.

Inventory:

Hand Weapons
 a - a +0 falchion (weapon)
Armour
 b - a +0 robe (worn)
Scrolls
 d - a scroll of magic mapping {unknown}
 f - a scroll of identify {unknown}
 g - a scroll of enchant armour {unknown}


   Skills:
 + Level 4.1 Fighting
 + Level 3.8 Long Blades
 + Level 2.7 Dodging
 + Level 2.1 Stealth


You had 2 spell levels left.
You didn't know any spells.
Your spell library was empty.

Dungeon Overview and Level Annotations

Branches:
Dungeon (2/15)

Altars:

Annotations:
D:2 Robin


Message History

Robin is almost dead.
The goblin hits you with a +0 dagger. The goblin closely misses you.
The hobgoblin barely misses you.
You are too injured to fight recklessly!
You are too injured to fight recklessly!
It was a potion of ambrosia.
You are confused.
You feel invigorated. The goblin hits you with a +0 dagger.
The goblin closely misses you. The hobgoblin barely misses you.
Robin roars a battlecry!
The hobgoblin goes into a battle-frenzy!
You bump into the rock wall.
The goblin hits you with a +0 dagger. The goblin hits you with a +0 club.
The hobgoblin barely misses you.
You closely miss the hobgoblin.
The goblin hits you but does no damage. x2
The hobgoblin hits you.
You barely miss the goblin. The goblin hits you but does no damage.
The goblin hits you with a +0 club. The hobgoblin hits you.
Robin hits you with a +0 whip.
* * * LOW HITPOINT WARNING * * *
You closely miss the goblin. The goblin misses you.
The goblin hits you with a +0 club.
* * * LOW HITPOINT WARNING * * *
The hobgoblin closely misses you.
The frilled lizard hisses.
The goblin hits you with a +0 dagger.
* * * LOW HITPOINT WARNING * * *
It was a potion of might.
You feel very mighty all of a sudden. The goblin hits you with a +0 club.
* * * LOW HITPOINT WARNING * * *
The hobgoblin hits you.
* * * LOW HITPOINT WARNING * * *
The goblin barely misses you.
Unknown command.
You bump into the rock wall.
You feel less invigorated.
You feel less confused. The goblin hits you with a +0 club.
* * * LOW HITPOINT WARNING * * *
The hobgoblin hits you.
You die...

. ### .. ..#
.. ..# ###.
..# .....
..##
##...###g..#
#....lg@g#
#.#>####g..#
g..# ##.# .#
#


You could see Robin, a hobgoblin (strong), 3 goblins and a frilled lizard.

Vanquished Creatures
  A giant cockroach (D:1)
  14 goblins
  3 hobgoblins (D:1)
  A quokka (D:1)
  4 ball pythons (D:1)
  5 bats (D:1)
  2 frilled lizards (D:1)
  3 kobolds (D:1)
  A rat (D:1)
34 creatures vanquished.

Notes
Turn   | Place    | Note
-------+----------+-------------------------------------------
     0 | D:1      | Borgoz the Hill Orc Monk began the quest for the Orb.
     0 | D:1      | Reached XP level 1. HP: 19/19 MP: 1/1
   309 | D:1      | Reached XP level 2. HP: 27/27 MP: 2/2
   746 | D:1      | Reached skill level 4 in Fighting
   761 | D:1      | Reached XP level 3. HP: 26/33 MP: 3/3
  1087 | D:2      | Noticed Robin
  1278 | D:2      | Slain by a hobgoblin

Illustrated notes

Levels and vault maps discovered:
D:1:      eino_arrival_water_cross, layout_basic
D:2:      layout_loops_ring, hellmonk_ecumenical_altar_zigzags, uniq_robin,
          uniq_terence

Skill      XL: |  1  2 |
---------------+-------+-----
Fighting       | 4 |  4.1
Stealth        | 2 |  2.1
Long Blades    | |  3.8
Dodging        | |  2.7

Action                   || total
-------------------------++-------
Melee: Falchion          ||    86
  Use: Potion            ||     2
 Stab: Sleeping          ||     3
Armor: Robe              ||    20
Dodge: Dodged            ||    67
       Rpst.: Falchion   ||    17
